 Dungeon Crawl Stone Soup version 0.32-a0-172-gc5dd13f2a7 (webtiles) character file.

Game seed: 13467219421783734607

136 zenocrate the Chopper (level 4, -2/39 HPs)
             Began as a Minotaur Delver on Feb 12, 2024.
             Slain by a centaur (6 damage)
             ... on level 5 of the Dungeon.
             The game lasted 00:00:36 (88 turns).

zenocrate the Chopper (Minotaur Delver)               Turns: 88, Time: 00:00:37

Health: -2/39      AC:  3    Str: 19    XL:     4   Next: 98%
Magic:  3/3        EV: 11    Int:  7    God:
Gold:   0          SH:  0    Dex: 11    Spells: 3/3 levels left

rFire   . . .        a - +0 hand axe
rCold   . . .        (no shield)
rNeg    . . .        b - +0 leather armour
rPois   .            (helmet restricted)
rElec   .            (no cloak)
rCorr   .            (no gloves)
SInv    .            (no boots)
Will    .....        (no amulet)
Stlth   ++           (no ring)
HPRegen 0.26/turn    (no ring)
MPRegen 0.08/turn

%: no passive effects
@: no status effects
A: horns 2, retaliatory headbutt
a: no special abilities


You were on level 5 of the Dungeon.
You visited 1 branch of the dungeon, and saw 1 of its levels.

Inventory:

Hand Weapons
 a - a +0 hand axe (weapon)
Armour
 b - a +0 leather armour (worn)
Jewellery
 d - an amulet of magic regeneration
Wands
 g - a wand of digging (3)
Scrolls
 c - a scroll of fog
 e - a scroll of fear
Potions
 f - a potion of haste


   Skills:
 + Level 3.6 Fighting
 + Level 6.3 Axes
 - Level 2.1 Dodging
 - Level 4.1 Stealth


You had 3 spell levels left.
You didn't know any spells.
Your spell library contained the following spells:

 Spells                   Type           Power      Damage    Failure   Level
 Sandblast                Erth           0%         2d4       50%         1
 Passwall                 Erth           0%         N/A       86%         3
 Stone Arrow              Conj/Erth      0%         3d7       86%         3
 Brom's Barrelling Bould  Conj/Erth      0%         2d3       99%         4


Dungeon Overview and Level Annotations

Branches:
Dungeon (5/15)
 Temple: D:4-7

Altars:


Innate Abilities, Weirdness & Mutations

You have a pair of horns on your head.
You reflexively headbutt those who attack you in melee.


Message History

d - an amulet of magic regeneration The centaur shoots an arrow.
The arrow barely misses you.
Unknown command.
The centaur shoots an arrow.
The arrow barely misses you.
You start resting.
A centaur is nearby!
The centaur shoots an arrow.
The arrow closely misses you.
The centaur unwields a +0 heavy orcbow.
The centaur hits you. The centaur completely misses you.
You closely miss the centaur. The centaur hits you. The centaur kicks you.
The centaur hits you.
* * * LOW HITPOINT WARNING * * *
The centaur kicks you.
* * * LOW HITPOINT WARNING * * *
You hit the centaur but do no damage. The centaur closely misses you. x2
You are too injured to fight recklessly!
You barely miss the centaur.
The centaur hits you but does no damage.
The centaur misses you. The centaur hits you.
* * * LOW HITPOINT WARNING * * *
The centaur kicks you.
* * * LOW HITPOINT WARNING * * *
Unknown command.
You slash the centaur!
The centaur is heavily wounded.
The centaur completely misses you. The centaur kicks you.
* * * LOW HITPOINT WARNING * * *
Unknown command.
You hit the centaur.
The centaur is heavily wounded.
The centaur hits you.
* * * LOW HITPOINT WARNING * * *
The centaur kicks you but does no damage.
The centaur hits you but does no damage.
The centaur kicks you but does no damage.
Unknown command.
You hit the centaur but do no damage.
The centaur is heavily wounded.
The centaur hits you.
You die...

***,,,,,....,,,,,*****,,,*
*,,..,,,#..#****,,,,,,,,,,
#,*#.***#..# *******,,,*
#.*#.* #..# **,**
*****#*#.##.* #..# *,*
,,,,,,......* #..# *,**
*******#.#..* #..# *,,, *
#....####..## **** *
*#.......@..###########***
**
#.#.###c#............#,*,
,* *,#.*
#.##.###########+*+ ,**
*,#.* #.##.# *,+, ,,**
*,#.* #.##.# ***,
,*,******,#.* #.##.# *,+,
***,,,,,,,#.* #.##.# ***+
,*,*******#.###.##.###
*∩+, ,,***** #..........#
****


You could see a centaur.

Vanquished Creatures
  A phantom (D:5)
  A scorpion (D:5)
2 creatures vanquished.

Notes
Turn   | Place    | Note
-------+----------+-------------------------------------------
     0 | D:5      | zenocrate the Minotaur Delver began the quest for the Orb.
     0 | D:5      | Reached XP level 1. HP: 19/19 MP: 0/0
     8 | D:5      | Noticed a scorpion
    16 | D:5      | Killed a scorpion
    17 | D:5      | Reached skill level 5 in Axes
    17 | D:5      | Reached XP level 2. HP: 13/26 MP: 1/1
    17 | D:5      | Reached XP level 3. HP: 16/31 MP: 2/2
    18 | D:5      | Noticed a phantom
    32 | D:5      | Killed a phantom
    33 | D:5      | Reached skill level 6 in Axes
    33 | D:5      | Reached XP level 4. HP: 8/39 MP: 3/3
    72 | D:5      | Noticed a centaur
    88 | D:5      | Slain by a centaur

Illustrated notes

Levels and vault maps discovered:
D:5:      layout_loops_ring, nicolae_ossuary_entry_catacombs

Skill      XL: |  1  2  3 |
---------------+----------+-----
Axes           | 5 6 |  6.3
Fighting       | |  3.6
Dodging        | |  2.1
Stealth        | |  4.1

Action                     |  1- 3 |  4- 6 || total
---------------------------+-------+-------++-------
  Melee: Hand axe          |    15 |     6 ||    21
         Headbutt          |     4 |       ||     4
    Use: Scroll            |     1 |       ||     1
 Armour: Leather armour    |     8 |    14 ||    22
  Dodge: Dodged            |    11 |     9 ||    20

Table legend: (Time is in decaauts)
 A = Elapsed time spent in this place.
 B = Non-inter-level travel time spent in this place.
 C = Inter-level travel time spent in this place.
 D = Time resting spent in this place.
 E = Time spent auto-exploring this place.
 F = Levels seen in this place.
 G = Mean time per level.
                   A        B        C        D        E       F      G
               +--------+--------+--------+--------+--------+-----+--------+
         Total |     89 |     89 |      0 |      3 |      0 |   1 |   89.0 |
       Dungeon |     89 |     89 |      0 |      3 |      0 |   1 |   89.0 |
               +--------+--------+--------+--------+--------+-----+--------+

Top non-repeatable levels by time:
     D:5: 89 daAuts
